 Dungeon Crawl Stone Soup version 0.31.0-32-g396128a36d (webtiles) character file.

Game seed: 14000898502183119023

30 PaiMei the Grave Robber (level 3, 0/25 HPs)
             Began as a Demonspawn Necromancer on Apr 5, 2024.
             Slain by an adder (3 damage)
             ... on level 2 of the Dungeon.
             The game lasted 00:02:23 (1205 turns).

PaiMei the Grave Robber (Demonspawn Necromancer)    Turns: 1205, Time: 00:02:24

Health: 0/25       AC:  2    Str:  8    XL:     3   Next: 5%
Magic:  1/6        EV: 12    Int: 17    God:
Gold:   88         SH:  4    Dex: 13    Spells: 5/6 levels left

rFire   . . .        c - +0 dagger
rCold   . . .        (no shield)
rNeg    . . .        a - +0 robe
rPois   .            (helmet restricted)
rElec   .            (no cloak)
rCorr   .            (no gloves)
SInv    .            (no boots)
Will    .....        (no amulet)
Stlth   ++           (no ring)
HPRegen 0.24/turn    (no ring)
MPRegen 0.10/turn

%: no passive effects
@: lethally poisoned (0 -> -6)
A: horns 1, condensation shield
a: no special abilities


You were on level 2 of the Dungeon.
You visited 1 branch of the dungeon, and saw 2 of its levels.

You collected 88 gold pieces.

Inventory:

Hand Weapons
 c - a +0 dagger (weapon)
Armour
 a - a +0 robe (worn)
Scrolls
 e - a scroll of teleportation {unknown}
 h - a scroll of revelation {unknown}
 i - a scroll of identify {unknown}
 j - a scroll of noise {unknown}
Potions
 b - a potion of magic
 d - 2 potions of heal wounds {unknown}
 f - a potion of curing {unknown}
 g - a potion of degeneration {unknown}
 k - a potion of lignification {unknown}
 l - a potion of attraction {unknown}


   Skills:
 + Level 0.7 Fighting
 + Level 2.2 Dodging
 - Level 2.0 Stealth
 + Level 2.4 Spellcasting
 + Level 4.6 Necromancy


You had 5 spell levels left.
You knew the following spells:

 Your Spells              Type           Power      Damage    Failure   Level
a - Necrotise             Necr           68%        1d7       2%          1

Your spell library contained the following spells:

 Spells                   Type           Power      Damage    Failure   Level
 Vampiric Draining        Necr           17%        2d7       9%          3
 Animate Dead             Necr           17%        N/A       26%         4
 Curse of Agony           Necr           17%        N/A       58%         5


Dungeon Overview and Level Annotations

Branches:
Dungeon (2/15)

Altars:


Innate Abilities, Weirdness & Mutations

You have a pair of small horns on your head.
A meltable shield of frost defends you. (SH +4)


Message History

Aiming: Necrotise (safe; 2% risk of failure)
Press: ? - help, Shift-Dir - straight line, f - adder
Aim: an adder (chance to affect: 81%)
The adder barely resists.
Casting: Necrotise (safe; 2% risk of failure)
Confirm with . or Enter, or press ? or * to list all spells.
Aiming: Necrotise (safe; 2% risk of failure)
Press: ? - help, Shift-Dir - straight line, f/p - adder
Aim: an adder (chance to affect: 81%)
The adder barely resists.
Casting: Necrotise (safe; 2% risk of failure)
Confirm with . or Enter, or press ? or * to list all spells.
You don't have enough magic to cast this spell.
Casting: Necrotise (safe; 2% risk of failure)
Confirm with . or Enter, or press ? or * to list all spells.
You don't have enough magic to cast this spell.
You barely miss the adder. The adder bites you.
You are poisoned.
The adder poisons you!
You barely miss the adder. Your headbutt misses the adder.
You feel sick. You block the adder's attack.
You barely miss the adder.
You feel sick. The adder bites you.
You are more poisoned.
The adder poisons you! The adder bites you.
You are lethally poisoned!
The adder poisons you!
You hit the adder.
The adder is heavily wounded.
You feel very sick. The adder bites you.
You miss the adder.
The adder is moderately wounded.
* * * LOW HITPOINT WARNING * * *
You feel very sick. The adder closely misses you.
You barely miss the adder. Your headbutt misses the adder.
The adder is moderately wounded.
* * * LOW HITPOINT WARNING * * *
You feel sick. The adder bites you.
You die...

.........# #. #########.##
.........# .. #..........##
.........##.###...........#
......)...................#
.........#.. #.<..<.......
........ #.# ###..#
.#.....###.# ####...##
........#..###.<..########
#####..........S@...).....
#........##.###########
#....####......# #.###
###...## . #.(....#
#>.#.##.# ..##.# ... .# #.#
#.# .. .#


You could see an adder.

Vanquished Creatures
  4 ball pythons (D:1)
  4 endoplasms
  3 goblins
  2 hobgoblins (D:1)
  2 quokkas (D:1)
  3 bats (D:1)
  2 frilled lizards (D:1)
  3 kobolds
  4 rats
27 creatures vanquished.

Vanquished Creatures (collateral kills)
  2 endoplasms
2 creatures vanquished.

Grand Total: 29 creatures vanquished

Notes
Turn   | Place    | Note
-------+----------+-------------------------------------------
     0 | D:1      | PaiMei the Demonspawn Necromancer began the quest for the
                  | Orb.
     0 | D:1      | Reached XP level 1. HP: 13/13 MP: 3/3
   196 | D:1      | Gained mutation: A meltable shield of frost defends you.
                  | (SH +4) [demonic ancestry]
   196 | D:1      | Reached XP level 2. HP: 11/19 MP: 0/5
  1186 | D:2      | Gained mutation: You have a pair of small horns on your
                  | head. [demonic ancestry]
  1186 | D:2      | Reached XP level 3. HP: 25/25 MP: 3/6
  1205 | D:2      | Slain by an adder

Illustrated notes

Levels and vault maps discovered:
D:1:      dpeg_arrival_round_a, layout_loops_cross
D:2:      layout_rooms, basic_altar, shapermc_ecumenical_altar_starsandcircs

Skill      XL: |  1 |
---------------+----+-----
Stealth        | 2 |  2.0
Dodging        | 2 |  2.2
Fighting       | |  0.7
Spellcasting   | |  2.4
Necromancy     | |  4.6

Action                     || total
---------------------------++-------
  Melee: Unarmed           ||    18
         Dagger            ||     8
   Cast: Necrotise         ||    49
 Armour: Robe              ||    24
  Dodge: Dodged            ||    20
  Block: Other             ||     3
